 Dungeon Crawl Stone Soup version 0.18.1-5-g4a78601 (webtiles) character file.

194 dysrexia the Caller (level 6, -5/32 HPs)
             Began as a Kobold Summoner on May 14, 2016.
             Slain by Natasha (9 damage)
             ... on level 2 of the Dungeon.
             The game lasted 00:07:38 (3263 turns).

dysrexia the Caller (Kobold Summoner)               Turns: 3263, Time: 00:07:40

Health: -5/32      AC:  2    Str:  6    XL:     6   Next: 3%
Magic:  8/9        EV: 15    Int: 13    God:
Gold:   68         SH:  0    Dex: 19    Spells: 2 memorised, 6 levels left

rFire  . . .     SeeInvis .     e - +0 short sword
rCold  . . .     Gourm    .     a - +0 robe
rNeg   . . .     Faith    .     (shield restricted)
rPois  .         Spirit   .     (no helmet)
rElec  .         Dismiss  .     (no cloak)
rCorr  .         Reflect  .     (no gloves)
SustAt .         Harm     .     (no boots)
MR     .....                    (no amulet)
Stlth  +++.......               (no ring)
                                (no ring)

@: slowed, very slow, not resistant to hostile enchantments, fairly stealthy
A: carnivore 3
a: no special abilities


You were on level 2 of the Dungeon.
You were very full.

You visited 1 branch of the dungeon, and saw 2 of its levels.

You collected 68 gold pieces.

Inventory:

Hand Weapons
 e - a +0 short sword (weapon)
Armour
 a - a +0 robe (worn)
Jewellery
 h - an uncursed ring of resist corrosion {unknown}
Scrolls
 f - 2 scrolls of remove curse {unknown}
Potions
 d - a potion of curing {unknown}
 g - a potion of agility {unknown}
 i - a potion of heal wounds {unknown}
 j - a potion of might {unknown}
 k - a potion of flight {unknown}
Books
 b - a book of Callings

   Spells                             Type                      Level
   a - Summon Small Mammal            Summoning                    1
   b - Call Imp                       Summoning                    2
   c - Call Canine Familiar           Summoning                    3
   d - Summon Guardian Golem          Hexes/Summoning              3
   e - Summon Lightning Spire         Summoning/Air                4
   f - Summon Ice Beast               Ice/Summoning                4
Comestibles
 c - 2 meat rations


   Skills:
 + Level 3.3 Short Blades
 - Level 2.4 Dodging
 + Level 4.7 Stealth
 - Level 2.1 Spellcasting
 + Level 5.4 Summonings


You had 6 spell levels left.
You knew the following spells:

 Your Spells              Type           Power        Failure   Level  Hunger
a - Summon Small Mammal   Summ           ###.         3%          1    ##.....
b - Call Imp              Summ           ###.....     6%          2    ###....


Dungeon Overview and Level Annotations

Branches:
Dungeon (2/15)

Altars:

Annotations:
D:2 Natasha


Innate Abilities, Weirdness & Mutations

You are small and have problems with some larger weapons.
You are carnivorous and can eat meat at any time.


Message History

You closely miss Natasha.
Natasha is severely wounded.
The crimson imp blinks!
Natasha claws you.
* * * LOW HITPOINT WARNING * * *
Your crimson imp completely misses Natasha.
You barely miss Natasha.
Natasha is severely wounded.
Natasha stares at you and mumbles some strange words.
You feel yourself slow down.
Your crimson imp closely misses Natasha.
You hit Natasha.
Natasha is almost dead.
The crimson imp shouts, "Back with thee, thou gleeking wibble-sucking bootlicker!"
Natasha claws you.
* * * LOW HITPOINT WARNING * * *
Your crimson imp hits Natasha but does no damage.
You hit Natasha but do no damage.
Natasha is almost dead.
Natasha claws you!
You die...

..... ....# .... ...
..# .# #.## .#
####..#####.#
#....@.)....# ########
#...h.......# #.......
#....5.5....# #.......
#...........###.....).
#...........#.......).
#...........#.#.......
#...........#.#.).....
#######'###.#.#<######
#.###.#.#.......


You could see Natasha, a crimson imp and a friendly crimson imp.

Vanquished Creatures
  An ooze (D:1)
  2 giant geckos
  3 bats
  3 giant cockroaches (D:1)
  6 goblins
  3 hobgoblins
  3 jackals
  3 giant newts
  3 kobolds
  6 rats
33 creatures vanquished.

Vanquished Creatures (collateral kills)
  Sigmund (D:2)
  Jessica (D:2)
  Natasha (D:2)
  A dart slug (D:2)
  A bat (D:1)
  A giant cockroach (D:1)
  A goblin (D:1)
  A hobgoblin (D:1)
  2 jackals (D:2)
  A kobold (D:1)
  A quokka (D:1)
  A giant newt (D:2)
  2 rats
15 creatures vanquished.

Grand Total: 48 creatures vanquished

Notes
Turn   | Place    | Note
--------------------------------------------------------------
     0 | D:1      | dysrexia the Kobold Summoner began the quest for the Orb.
     0 | D:1      | Reached XP level 1. HP: 10/10 MP: 3/3
   665 | D:1      | Reached XP level 2. HP: 2/15 MP: 1/5
   670 | D:1      | Learned a level 2 spell: Call Imp
  1430 | D:1      | Reached XP level 3. HP: 14/19 MP: 6/6
  1620 | D:1      | Reached skill level 1 in Short Blades
  2039 | D:2      | Noticed Sigmund
  2053 | D:2      | Killed Sigmund
  2053 | D:2      | Reached skill level 5 in Summonings
  2053 | D:2      | Reached XP level 4. HP: 13/24 MP: 2/7
  2053 | D:2      | Reached XP level 5. HP: 15/28 MP: 2/8
  2059 | D:2      | Noticed Natasha
  2064 | D:2      | Killed Natasha
  2446 | D:2      | Noticed Jessica
  2450 | D:2      | Killed Jessica
  2522 | D:2      | Reached XP level 6. HP: 32/32 MP: 9/9
  2740 | D:2      | Noticed Natasha
  3263 | D:2      | Slain by Natasha

Skill      XL: |  1  2  3 |
---------------+----------+-----
Stealth        | 3 4 |  4.7
Short Blades   | 3 |  3.3
Summonings     | 5 |  5.4
Dodging        | |  2.4
Spellcasting   | |  2.1

Action                   |  1- 3 |  4- 6 || total
-------------------------+-------+-------++-------
Melee: Unarmed           |    56 |       ||    56
       Short sword       |    45 |    87 ||   132
 Cast: Summon Small Mamm |     9 |     1 ||    10
       Call Imp          |     6 |     7 ||    13
 Stab: Sleeping          |     7 |       ||     7
       Distracted        |     1 |     1 ||     2
  Eat: Chunk             |    10 |     5 ||    15
Armor: Robe              |    26 |    12 ||    38
Dodge: Dodged            |    88 |    89 ||   177
